 Dungeon Crawl Stone Soup version 0.14-a0-1499-g388a102 (webtiles) character file.

9868 Jenx the Cleaver (level 11, -1/102 HPs)
             Began as a Minotaur Berserker on Dec 15, 2013.
             Was a High Priest of Trog.
             Slain by a komodo dragon (11 damage)
             ... on Level 11 of the Dungeon.
             The game lasted 00:27:11 (7519 turns).

Jenx the Cleaver (Minotaur Berserker)               Turns: 7519, Time: 00:27:11

HP  -1/102       AC 20     Str 25      XL: 11   Next: 25%
MP   4/4         EV  7     Int  4      God: Trog [*****.]
Gold 283         SH  0     Dex 11      Spells:  0 memorised, 10 levels left

rFire  . . .     SeeInvis .     b - +7 broad axe of the Purse {speed, MR+ Int-1}
rCold  . . .     Clarity  .     G - +0 orc plate armour
rNeg   . . .     Conserve .     (no shield)
rPois  .         rCorr    .     (helmet restricted)
rElec  .         rRot     .     h - +0 elf cloak
SustAb . .       Spirit   .     K - +1 pair of dwarf gloves
rMut   .         Warding  .     q - +0 pair of elf boots
Saprov . . .     Stasis   .     y - amulet of faith
                                (no ring)
                                U - +2 ring of dexterity

@: recuperating, badly diseased, extremely resistant to hostile enchantments,
extremely unstealthy
A: retaliatory headbutt, horns 2
a: Burn Spellbooks, Berserk, Trog's Hand, Brothers in Arms, Renounce Religion


You were on level 11 of the Dungeon.
You worshipped Trog.
Trog was extremely pleased with you.
You were not hungry.

You visited 1 branch of the dungeon, and saw 11 of its levels.

You collected 643 gold pieces.
You spent 360 gold pieces at shops.

Inventory:

Hand weapons
 a - a +2,+2 dwarven battleaxe of venom
 b - the +7,+7 broad axe of the Purse (weapon) {speed, MR+ Int-1}
   (Trog gifted it to you on level 9 of the Dungeon)

   Attacks with this weapon take half as long, but cause slightly less damage.
   It affects your intelligence (-1).
   It affects your resistance to hostile enchantments.
 i - a +4,+4 quarterstaff of chaos
Missiles
 s - 6 tomahawks
 t - 7 darts of frost
 w - 2 tomahawks of returning (quivered)
Armour
 h - a +0 elven cloak (worn)
 q - a +0 pair of elven boots (worn)
 E - the +0 leather armour of the Twelve Lives {Str+3 SInv Stlth}
   (You found it on level 5 of the Dungeon)

   It affects your strength (+3).
   It enhances your eyesight.
   It makes you more stealthy.
 G - a +0 orcish plate armour (worn)
 K - a +1 pair of dwarven gloves (worn)
Magical devices
 f - a wand of teleportation (6)
 A - a wand of flame (6)
 J - a wand of paralysis (3)
 M - a wand of polymorph (8)
 Q - a wand of flame (4)
 W - a wand of magic darts (12)
Comestibles
 c - 2 bread rations
 r - 2 meat rations
 S - 10 bananas
 T - 8 cheeses
 X - a choko
Scrolls
 e - 2 scrolls of identify
 g - 3 scrolls of random uselessness {unknown}
 j - 3 scrolls of enchant weapon II {unknown}
 k - a scroll of magic mapping {unknown}
 l - a scroll of teleportation {unknown}
 m - 5 scrolls of remove curse
 u - a scroll of enchant weapon I {unknown}
 v - a scroll of enchant armour {unknown}
 x - a scroll of acquirement {unknown}
 z - a scroll of curse jewellery {unknown}
 I - a scroll of recharging {unknown}
 L - a scroll of noise {unknown}
 O - a scroll of curse weapon {unknown}
 R - a scroll of fog {unknown}
Jewellery
 n - an uncursed ring of ice
 o - an uncursed ring of ice
 p - an uncursed ring of ice
 y - an amulet of faith (around neck)
 B - an uncursed ring of fire
 U - a +2 ring of dexterity (left hand)
Potions
 d - 2 potions of brilliance
 C - 2 potions of agility
 D - a potion of restore abilities
 F - a potion of might {unknown}
 H - 2 potions of invisibility {unknown}
 P - 8 potions of curing
 Y - a potion of berserk rage {unknown}
Miscellaneous
 V - a disc of storms
Rods
 N - a -2 rod of demonology (11/11)
   (You found it on level 8 of the Dungeon)


   Skills:
 + Level 11.4 Fighting
 - Level 14.7 Axes
 - Level 10.2 Armour
 - Level 2.1 Dodging


You had 10 spell levels left.
You didn't know any spells.

Dungeon Overview and Level Annotations

Branches:
Dungeon (11/16)            Temple (0/1) D:5
    Orc: D:9-12        Lair: D:8-11

Altars:
Cheibriados
Fedhas
Nemelex Xobeh
Sif Muna
Vehumet
Yredelemnul

Shops:
D:5 [   D:6 /%

Annotations:
D:6 wand of teleportation


Innate Abilities, Weirdness & Mutations

You reflexively headbutt those who attack you in melee.
You have a pair of horns on your head.


Message History

The komodo dragon is lightly wounded.
The komodo dragon bites you!
* * * LOW HITPOINT WARNING * * *
You feel ill.
You completely miss the komodo dragon.
The komodo dragon is lightly wounded.
You slash the komodo dragon!
The komodo dragon is moderately wounded.
The komodo dragon bites you!
* * * LOW HITPOINT WARNING * * *
You feel ill.
Drink which item? (? for menu, Esc to quit)
You can't drink that!
Drink which item? (? for menu, Esc to quit)
You can't drink that!
Use which ability? (? or * to list)
Your skin crawls.
You feel resistant to hostile enchantments.
You feel slightly more hungry. The komodo dragon bites you!
You die...

.... ..#######.. #..#
#.#........ #..#
#.....###..
#..##+###......#...
######..#........# #..#
........#........#######
..................#..#).#
........l....###.....#..(
######.#@.....#.....###..
#.......#..#..#.......
#........#######......)
#...###..# #..#..###..
..... ..... #......#...
...# #$.#..###..#..#..#
.. ####.......#######
#.......#..#..#
....###.....#...


You could see a komodo dragon.

Vanquished Creatures
  The ghost of lauthentik the Protected, an experienced MiHu of Makhleb (D:8)
  A skeletal warrior (D:11)
  A hill giant (D:10)
  An unseen horror (D:11)
  A shining eye (shapeshifter) (D:11)
  2 trolls
  A two-headed ogre (D:11)
  A wyvern (D:10)
  2 yaks (D:9)
  Eustachio (D:9)
  2 hungry ghosts
  A vampire mosquito (D:11)
  A manticore (D:11)
  5 orc warriors
  2 black bears
  2 sky beasts
  4 ice beasts
  4 ogres
  4 centaurs
  3 big kobolds
  A komodo dragon zombie (D:9)
  5 giant frogs
  A water moccasin (D:7)
  A cyclops skeleton (D:9)
  A hippogriff zombie (D:6)
  9 wights
  A troll skeleton (D:11)
  2 goliath beetles
  7 crimson imps
  2 giant frog skeletons
  A giant frog zombie (D:9)
  2 hounds
  3 orc priests
  5 jellies
  Crazy Yiuf (D:3)
  11 orc wizards
  4 scorpions
  3 iguanas
  10 worker ants
  2 sheep (D:9)
  A killer bee zombie (D:10)
  A sky beast zombie (D:5)
  Ijyb (D:2)
  An ogre zombie (D:5)
  Terence (D:3)
  A worker ant zombie (D:7)
  8 gnolls
  12 adders
  A giant centipede (D:8)
  3 worms
  A giant gecko (D:4)
  An ooze (D:5)
  33 orcs
  13 bats
  9 hobgoblins
  5 jackals
  6 quokkas
  3 giant cockroaches
  3 giant newts
  6 goblins
  13 kobolds
  A quokka zombie (D:5)
  8 rats
  A rat skeleton (D:4)
245 creatures vanquished.

Vanquished Creatures (collateral kills)
  A hydra (D:9)
  A big kobold (D:9)
  A hobgoblin zombie (D:9)
3 creatures vanquished.

Vanquished Creatures (others)
  A troll (D:9)
1 creature vanquished.

Grand Total: 249 creatures vanquished

Notes
Turn   | Place    | Note
--------------------------------------------------------------
     0 | D:1      | Jenx, the Minotaur Berserker, began the quest for the Orb.
     0 | D:1      | Reached XP level 1. HP: 19/19 MP: 1/1
   366 | D:1      | Reached skill level 4 in Axes
   733 | D:2      | Reached XP level 2. HP: 21/26 MP: 1/1
   886 | D:2      | Noticed Ijyb
   921 | D:2      | Killed Ijyb
   921 | D:2      | Acquired Trog's second power
   921 | D:2      | Reached skill level 5 in Axes
   921 | D:2      | Reached XP level 3. HP: 23/31 MP: 2/2
  1002 | D:2      | Found a blossoming altar of Fedhas.
  1101 | D:3      | Noticed an ice beast
  1116 | D:3      | Killed an ice beast
  1116 | D:3      | Reached skill level 6 in Axes
  1116 | D:3      | Reached XP level 4. HP: 22/39 MP: 2/2
  1131 | D:3      | Reached XP level 5. HP: 24/45 MP: 2/2
  1176 | D:3      | Found a deep blue altar of Sif Muna.
  1240 | D:3      | Noticed Crazy Yiuf
  1250 | D:3      | Killed Crazy Yiuf
  1250 | D:3      | Reached skill level 7 in Axes
  1442 | D:3      | Found a radiant altar of Vehumet.
  1707 | D:3      | Found a basalt altar of Yredelemnul.
  1799 | D:3      | Noticed Terence
  1807 | D:3      | Killed Terence
  1930 | D:4      | Reached skill level 8 in Axes
  2003 | D:4      | Noticed an ogre
  2013 | D:4      | Killed an ogre
  2013 | D:4      | Reached XP level 6. HP: 51/51 MP: 3/3
  2062 | D:4      | Reached skill level 9 in Axes
  2250 | D:4      | Found a snail-covered altar of Cheibriados.
  2363 | D:4      | Noticed an ogre
  2370 | D:4      | Killed an ogre
  2370 | D:4      | Reached XP level 7. HP: 48/57 MP: 3/3
  2471 | D:4      | Acquired Trog's third power
  2784 | D:5      | Entered Level 5 of the Dungeon
  2817 | D:5      | Reached skill level 10 in Axes
  2998 | D:5      | Found a staircase to the Ecumenical Temple.
  3047 | D:5      | Found Quifuc's Antique Armour Boutique.
  3077 | D:5      | Got an encrusted leather armour
  3080 | D:5      | Identified the +0 leather armour of the Twelve Lives {Str+3 SInv Stlth} (You found it on level 5 of the Dungeon)
  3102 | D:5      | Reached skill level 5 in Armour
  3347 | D:6      | Found Klal's Food Shop.
  3370 | D:6      | Reached XP level 8. HP: 47/64 MP: 3/3
  3424 | D:6      | Found Meifair's Magical Wand Shop.
  4231 | D:7      | Reached skill level 10 in Armour
  4340 | D:7      | Found a sparkling altar of Nemelex Xobeh.
  4407 | D:7      | Reached XP level 9. HP: 70/70 MP: 4/4
  4837 | D:8      | Noticed lauthentik's ghost (experienced MiHu)
  4865 | D:8      | Killed lauthentik's ghost
  4865 | D:8      | Reached skill level 11 in Axes
  4898 | D:8      | Reached skill level 12 in Axes
  5298 | D:9      | Reached skill level 13 in Axes
  5563 | D:9      | Reached XP level 10. HP: 66/77 MP: 4/4
  5597 | D:9      | Reached skill level 14 in Axes
  5630 | D:9      | Noticed Eustachio
  5637 | D:9      | Killed Eustachio
  6004 | D:9      | Received a gift from Trog
  6008 | D:9      | Got a dazzling broad axe {god gift}
  6013 | D:9      | Identified the +7,+7 broad axe of the Purse {speed, MR+ Int-1} (Trog gifted it to you on level 9 of the Dungeon)
  6035 | D:9      | Noticed a three-headed hydra
  6068 | D:9      | Killed a four-headed hydra
  6070 | D:9      | Reached skill level 5 in Fighting
  6172 | D:10     | Entered Level 10 of the Dungeon
  6306 | D:6      | Bought a wand of teleportation (6) for 360 gold pieces
  6697 | D:10     | Noticed a hill giant
  6705 | D:10     | Killed a hill giant
  7352 | D:11     | Noticed a skeletal warrior
  7373 | D:11     | Killed a skeletal warrior
  7373 | D:11     | Reached skill level 10 in Fighting
  7373 | D:11     | Reached XP level 11. HP: 75/99 MP: 4/4
  7420 | D:11     | Noticed a shining eye
  7427 | D:11     | Killed a shining eye
  7492 | D:11     | Killed an unseen horror
  7519 | D:11     | Slain by a komodo dragon

Action                   |  1- 3 |  4- 6 |  7- 9 | 10-12 || total
-------------------------+-------+-------+-------+-------++-------
Melee: Hand axe          |    64 |   128 |    32 |       ||   224
       War axe           |       |       |   165 |       ||   165
       Battleaxe         |       |       |   173 |    50 ||   223
       Broad axe         |       |       |       |   157 ||   157
Throw: Tomahawk          |       |    11 |     7 |     7 ||    25
Invok: Trog's Hand       |       |     1 |     3 |     1 ||     5
       Berserk           |       |     1 |     2 |     2 ||     5
       Brothers in Arms  |       |       |       |     2 ||     2
Evoke: Wand              |       |       |     3 |       ||     3
  Use: Scroll            |     1 |     3 |     7 |     3 ||    14
       Potion            |       |     1 |     3 |     1 ||     5
